 Dungeon Crawl Stone Soup version 0.31.0-11-ge490571c62 (webtiles) character file.

Game seed: 13884891472647264969

80674 iamserjio the Brawler (level 15, 41/153 HPs)
             Began as a Troll Monk on Jan 29, 2024.
             Was an Initiate of Gozag.
             Quit the game on level 1 of the Vaults.
             The game lasted 01:01:38 (26051 turns).

iamserjio the Brawler (Troll Monk)                 Turns: 26051, Time: 01:01:39

Health: 41/153     AC: 11    Str: 33    XL:     15   Next: 24%
Magic:  14/14      EV: 10    Int:  6    God:    Gozag
Gold:   1090       SH: 15    Dex: 12    Spells: 14/14 levels left

rFire   . .          .
                       - Unarmed
rCold   . . .        N - +0 kite shield
rNeg    . . .        V - +2 acid dragon scales
rPois   .            (helmet restricted)
rElec   .            u - +0 cloak
rCorr   +            (gloves unavailable)
SInv    .            (boots unavailable)
Will    ++...        Y - amulet of reflection Stlth
                     w - +6 ring of strength
HPRegen 1.25/turn    l - ring of willpower
MPRegen 0.14/turn

%: reflection
@: marked, frozen, very slow
A: large, unfitting armour, claws 3, regeneration 1, shaggy fur 1, tough skin 1,
weak 1, inability to read after injury 2, no stealth, inability to use devices,
no hexes magic, no ice magic, no necromancy magic, unskilled 1
a: Renounce Religion, Potion Petition, Call Merchant, Bribe Branch


You were on level 1 of the Vaults.
You worshipped Gozag.
Gozag was most pleased with you.
You visited 4 branches of the dungeon, and saw 21 of its levels.
You also visited: Ossuary and Bailey.

You collected 4097 gold pieces.
You spent 275 gold pieces at shops.
You paid 2732 gold pieces to Gozag.

Inventory:

Hand Weapons
 p - a +2 trident of venom
 K - a +2 heavy flail
Missiles
 f - 2 atropa-tipped darts
 m - 14 poisoned darts
 n - a throwing net {!f}
 q - 3 large rocks
 J - 19 boomerangs
 O - a curare-tipped dart (quivered)
Armour
 a - a +2 robe of willpower
 c - an orb of light
 r - a +1 robe of fire resistance
 u - a +0 cloak (worn)
 N - a +0 kite shield (worn)
 V - +2 acid dragon scales (worn)
 W - a +0 troll leather armour
Magical Staves
 t - a staff of alchemy
 T - the staff of Devotion {^Drain rElec Str+4 Int+6 Air Earth}
   (You found it on level 1 of the Lair of Beasts)

   [staff of air]

   Base accuracy: +5 Base damage: 5 Base attack delay: 1.2 This weapon's minimum
   attack delay (0.6) is reached at skill level 12.
   Str+4:     It affects your strength (+4).
   Int+6:     It affects your intelligence (+6).
   rElec:     It insulates you from electricity.
   ^Drain:    It drains your maximum health when unequipped.
   Air:       It increases the power of your Air spells.
   Earth:     It increases the power of your Earth spells.
   It falls into the 'Staves' category.
   It is a one-clawed weapon.
Jewellery
 d - a ring of fire
 g - a ring of protection from cold
 j - an amulet of regeneration
 l - a ring of willpower (right claw)
 w - a +6 ring of strength (left claw)
 I - a +6 ring of intelligence
 Y - an amulet of reflection (around neck)
Talismans
 x - a serpent talisman
Scrolls
 b - a scroll of enchant armour
 i - 3 scrolls of identify {unknown}
 o - a scroll of blinking {unknown}
 s - a scroll of fear {unknown}
Potions
 e - a potion of invisibility {unknown}
 h - 4 potions of curing {unknown}
 k - 3 potions of enlightenment
 v - a potion of degeneration {unknown}
 Q - a potion of experience


   Skills:
 * Level 11.1 Fighting
 - Level 10.0 Throwing
 - Level 5.0 Dodging
 + Level 7.9 Shields
 + Level 16.5 Unarmed Combat


You had 14 spell levels left.
You didn't know any spells.
Your spell library contained the following spells:

 Spells                   Type           Power      Damage    Failure   Level
 Lesser Beckoning         Tloc           0%         N/A       82%         2
 Gell's Gravitas          Tloc           0%         N/A       96%         3
 Teleport Other           Tloc           0%         N/A       96%         3
 Dispersal                Tloc           0%         N/A       100%        6


Dungeon Overview and Level Annotations

Branches:
Dungeon (14/15) Zot: 26467  Temple (1/1) D:5 Zot: 5972    Lair (5/5) D:10 Zot: 19606
 Shoals (0/4) Lair:3       Spider (0/4) Lair:3        Slime (0/5) Lair:4
    Orc (0/2) D:10         Vaults (1/5) D:14 Zot: 4651 Ossuary (visited)
 Bailey (visited)

Altars:
Ashenzari
Cheibriados
Dithmenos
Elyvilon
Fedhas
Gozag
Hepliaklqana
Kikubaaqudgha
Makhleb
Nemelex Xobeh
Okawaru
Qazlal
Ru
Sif Muna
Trog
Uskayaw
Vehumet
Wu Jian
Xom
Yredelemnul
Zin
The Shining One
Jiyva

Shops:
D:6 *   D:9 [   D:11 *

Annotations:
D:13 1 runed translucent door, 1 exclusion


Innate Abilities, Weirdness & Mutations

You are too large for most types of armour.
You have claws for hands.
Your natural rate of healing is unusually fast.
You are covered in fur. (AC +1)
You have tough skin. (AC +1)
You are weak. (Str -2)
You sometimes lose the ability to read scrolls when taking damage.
You cannot be stealthy.
You cannot study or use magical devices.
You cannot study or cast Hexes magic.
You cannot study or cast Ice magic.
You cannot study or cast Necromancy magic.
You are somewhat unskilled. (-1 Apt)


Message History

A boggart comes into view.
You closely miss the ironbound frostheart.
The ironbound frostheart touches you. The ironbound frostheart freezes you!!
* * * LOW HITPOINT WARNING * * *
The formless jellyfish shimmers eerily.
The formless jellyfish blinks!
You closely miss the ironbound frostheart.
You block the ironbound frostheart's attack.
The formless jellyfish stings you but does no damage.
The formless jellyfish grabs you. The formless jellyfish constricts you.
* * * LOW HITPOINT WARNING * * *
You mangle the ironbound frostheart!! The ice encasing you melts away.
You block the formless jellyfish's attack.
The formless jellyfish constricts you.
* * * LOW HITPOINT WARNING * * *
The formless jellyfish's grasp on you weakens, but your attempt to escape fails.
The lindwurm is no longer distracted by gold.
The necromancer is no longer distracted by gold.
A slime creature comes into view.
The ironbound frostheart calls freezing cold from the walls.
The frost grips you!
* * * LOW HITPOINT WARNING * * *
You are encased in ice.
The formless jellyfish closely misses you.
The formless jellyfish constricts you.
* * * LOW HITPOINT WARNING * * *
Press: ? - help, v - describe, . - travel
Here: a formless jellyfish (constricting you, summoned)
The floor.
Unknown command.
You escape the formless jellyfish's grasp.
The ironbound frostheart touches you!
* * * LOW HITPOINT WARNING * * *
The ironbound frostheart freezes you!!
* * * LOW HITPOINT WARNING * * *
The necromancer attacks as it pursues you!
The necromancer closely misses you.
The formless jellyfish attacks as it pursues you!
You block the formless jellyfish's attack. x2

# #J k #g #g#### ....
#####g###############
#...pp...............
#...@J...............
#..............######
#..............#.....
#..............#.....
#..............#.....
#..............#.....
#..............#.....
#..............#....)
............######


You could see a formless jellyfish (summoned), an ironbound frostheart, a
necromancer and a boggart.

Vanquished Creatures
  3 ironbound preservers
  An ironbound thunderhulk (Vaults:1)
  A crystal guardian (Vaults:1)
  A fire dragon (Lair:5)
  A yaktaur captain (Vaults:1)
  An ice dragon (D:12)
  A peacekeeper (Vaults:1)
  2 catoblepae
  5 hydras
  6 centaur warriors
  The ghost of vbillard the Destroyer, a journeyman DECj of Vehumet (D:11)
  3 boulder beetles
  2 two-headed ogres (D:12)
  The ghost of dakkaduck the Severer, a novice MiBe of Trog (D:9)
  4 death yaks
  4 skysharks
  Lodul (D:11)
  An arcanist (Vaults:1)
  A bog body (Lair:1)
  11 deep trolls (Vaults:1)
  3 orc knights (Bailey)
  3 ironbound convokers (Vaults:1)
  2 lindwurms
  A deep elf pyromancer (D:13)
  A cyclops (D:14)
  4 ugly things
  A wolf spider (Lair:3)
  3 manticores
  A meliai (D:14)
  6 black mambas
  3 vault sentinels (Vaults:1)
  8 cane toads
  2 torpor snails (Lair:5)
  Maggie (D:8)
  A gargoyle (D:14)
  2 molten gargoyles (Lair:5)
  8 rime drakes
  7 yaktaurs (Vaults:1)
  2 unseen horrors
  17 komodo dragons
  4 kobold demonologists
  An ice devil (Lair:1)
  A tengu conjurer (D:14)
  3 burning bushes (Lair:1)
  5 polar bears
  5 trolls
  3 dream sheep (Lair:5)
  5 blink frogs
  3 hornets (Lair:3)
  3 centaur simulacra (D:11)
  2 culicivoras (Lair:3)
  A wraith (D:9)
  Sigmund (D:3)
  2 shadows
  A jumping spider (Lair:3)
  28 yaks
  12 spriggans (Lair:3)
  A vampire (D:12)
  6 wyverns
  4 basilisks
  2 wargs (D:10)
  4 steam dragons
  A redback (Lair:3)
  A vampire mosquito (D:14)
  A death yak simulacrum (Lair:1)
  A harpy simulacrum (Lair:1)
  3 hell hounds (Lair:5)
  9 water moccasins
  A meliai simulacrum (D:13)
  2 laughing skulls (D:13)
  2 black bears
  12 orc warriors
  3 ice beasts
  4 boggarts
  18 wolves
  12 centaurs
  10 ogres
  A phantom (D:4)
  10 bullfrogs
  6 kobold brigands
  A two-headed ogre simulacrum (Lair:1)
  A gnoll sergeant (D:6)
  A scorpion (D:7)
  An entropy weaver simulacrum (Lair:1)
  6 wights
  A burial acolyte (Ossuary)
  An elephant simulacrum (Lair:1)
  5 howler monkeys
  5 lava snakes (Lair:5)
  A quasit (D:5)
  A jelly (D:6)
  10 orc priests
  5 bombardier beetles
  2 hounds (D:6)
  2 gnoll boudas
  Crazy Yiuf (D:3)
  2 iguanas
  Jessica (D:3)
  Natasha (thrice) (D:3)
  21 orc wizards
  9 hell rats (Lair:5)
  A mummy (Ossuary)
  14 gnolls
  9 adders
  A naga simulacrum (Lair:1)
  3 river rats (Lair:5)
  2 shadow imps
  3 white imps
  A howler monkey simulacrum (D:11)
  2 ufetubi (D:5)
  A ribbon worm (D:4)
  4 dart slugs
  71 orcs
  4 ball pythons
  3 bats
  3 endoplasms
  2 giant cockroaches (D:4)
  9 hobgoblins
  5 jackals
  4 quokkas
  3 frilled lizards
  10 gnoll skeletons (Ossuary)
  7 goblins
  2 goblin zombies (D:5)
  6 hobgoblin zombies (D:5)
  25 kobolds
  5 kobold skeletons
  2 kobold zombies (D:5)
  8 orc skeletons
  12 rats
  2 rat zombies (D:6)
625 creatures vanquished.

Vanquished Creatures (others)
  A black mamba (Lair:3)
  A yak (D:9)
  A wolf (Lair:3)
  A howler monkey (D:12)
  An orc (D:10)
  A goblin (D:8)
6 creatures vanquished.

Grand Total: 631 creatures vanquished

Notes
Turn   | Place    | Note
-------+----------+-------------------------------------------
     0 | D:1      | iamserjio the Troll Monk began the quest for the Orb.
     0 | D:1      | Reached XP level 1. HP: 22/22 MP: 0/0
   176 | D:1      | Reached XP level 2. HP: 29/29 MP: 1/1
   208 | D:1      | Found a faded altar of an unknown god.
   710 | D:2      | Reached XP level 3. HP: 36/36 MP: 2/2
   776 | D:2      | Reached skill level 4 in Unarmed Combat
   875 | D:3      | Noticed Jessica
   881 | D:3      | Killed Jessica
   900 | D:3      | Reached XP level 4. HP: 44/45 MP: 3/3
  1174 | D:4      | Reached skill level 5 in Unarmed Combat
  1174 | D:4      | Reached XP level 5. HP: 40/53 MP: 4/4
  1547 | D:4      | Reached XP level 6. HP: 62/62 MP: 5/5
  1858 | D:4      | Reached skill level 6 in Unarmed Combat
  2397 | D:5      | Entered Level 5 of the Dungeon
  2420 | D:5      | Found a glowing golden altar of the Shining One.
  2561 | D:5      | Reached XP level 7. HP: 70/70 MP: 6/6
  2592 | D:5      | Reached skill level 7 in Unarmed Combat
  2608 | D:5      | Found a staircase to the Ecumenical Temple.
  2614 | Temple   | Entered the Ecumenical Temple
  2627 | Temple   | Became a worshipper of Ru the Awakened
  2637 | Temple   | Gained mutation: You cannot study or use magical devices.
                  | [Ru sacrifice]
  2637 | Temple   | Reached * piety under Ru
  2637 | Temple   | Reached ** piety under Ru
  2812 | D:5      | Found a glowing silver altar of Zin.
  2812 | D:5      | Found an opulent altar of Gozag.
  3221 | D:3      | Noticed Sigmund
  3238 | D:3      | Killed Sigmund
  3292 | D:3      | Noticed Natasha
  3301 | D:3      | Killed Natasha
  3302 | D:3      | Reached skill level 8 in Unarmed Combat
  3304 | D:3      | Reached skill level 5 in Fighting
  3348 | D:3      | Noticed Natasha
  3351 | D:3      | Killed Natasha
  3417 | D:3      | Found a runed translucent door.
  3418 | D:3      | Noticed Crazy Yiuf
  3577 | D:3      | Killed Crazy Yiuf
  3578 | D:3      | Reached XP level 8. HP: 80/80 MP: 7/7
  3643 | D:3      | Noticed Natasha
  3648 | D:3      | Killed Natasha
  4503 | D:6      | Found a sand-covered staircase.
  4516 | Ossuary  | Entered an ossuary
  4663 | Ossuary  | Found an ancient bone altar of Kikubaaqudgha.
  4689 | Ossuary  | Reached skill level 9 in Unarmed Combat
  5046 | D:6      | Found Osapt's Assorted Antiques.
  5055 | D:6      | Bought a scroll labelled TUPHIO HIACZIPT for 31 gold pieces
  5055 | D:6      | Bought a scroll labelled AXZIOME ZUESAS for 31 gold pieces
  5055 | D:6      | Bought a moonstone ring for 155 gold pieces
  5055 | D:6      | Bought a scroll labelled AXZIOME ZUESAS for 31 gold pieces
  5055 | D:6      | Bought a puce potion for 27 gold pieces
  5099 | D:6      | Gained mutation: You are somewhat unskilled. (-1 Apt) [Ru
                  | sacrifice]
  5099 | D:6      | Reduced skill Unarmed Combat to level 8
  5099 | D:6      | Reached *** piety under Ru
  5386 | D:7      | Reached skill level 9 in Unarmed Combat
  5389 | D:7      | Found a sparkling altar of Nemelex Xobeh.
  5494 | D:7      | Reached XP level 9. HP: 89/89 MP: 8/8
  5566 | D:7      | Found a shimmering altar of Xom.
  5572 | D:7      | Found a snail-covered altar of Cheibriados.
  5687 | D:7      | Reached skill level 1 in Throwing
  6179 | D:8      | Reached skill level 1 in Shields
  6184 | D:8      | Reached skill level 10 in Unarmed Combat
  6222 | D:8      | Found a flagged portal.
  6243 | Bailey   | Entered a bailey
  6462 | Bailey   | Noticed an orc knight
  6471 | Bailey   | Killed an orc knight
  6477 | Bailey   | Gained mutation: You are weak. (Str -2) [Ru sacrifice]
  6477 | Bailey   | Reached **** piety under Ru
  6538 | Bailey   | Reached XP level 10. HP: 92/98 MP: 9/9
  6558 | Bailey   | Noticed an orc knight
  6619 | Bailey   | Killed an orc knight
  6620 | Bailey   | Reached skill level 11 in Unarmed Combat
  6659 | Bailey   | Noticed an orc knight
  6680 | Bailey   | Killed an orc knight
  7265 | D:8      | Noticed Maggie
  7272 | D:8      | Killed Maggie
  7519 | D:9      | Found Hakas's Armour Emporium.
  7627 | D:9      | Reached skill level 12 in Unarmed Combat
  7707 | D:9      | Found a runed translucent door.
  7708 | D:9      | Noticed dakkaduck's ghost (novice MiBe)
  7733 | D:9      | Reached skill level 5 in Shields
  8147 | D:10     | Entered Level 10 of the Dungeon
  8147 | D:10     | Found a staircase to the Lair.
  8480 | D:10     | Noticed a sun demon
  8481 | D:10     | Reached XP level 11. HP: 87/107 MP: 10/10
  8924 | D:10     | Gained mutation: You occasionally lose the ability to read
                  | scrolls when taking damage. [Ru sacrifice]
  8924 | D:10     | Gained mutation: You sometimes lose the ability to read
                  | scrolls when taking damage. [Ru sacrifice]
  8924 | D:10     | Reached ***** piety under Ru
  8948 | D:10     | Found a staircase to the Orcish Mines.
  9049 | D:10     | You fall into a shaft and drop 3 floors!
  9059 | D:13     | Noticed a cyan ugly thing
  9059 | D:13     | Noticed a five-headed hydra
  9205 | D:11     | Found a runed translucent gate.
  9205 | D:11     | Found a runed translucent gate.
  9205 | D:11     | Found a runed translucent gate.
  9267 | D:11     | Noticed vbillard's ghost (journeyman DECj)
  9281 | D:11     | Noticed Lodul
  9408 | D:11     | Killed Lodul
  9652 | D:11     | Noticed a boulder beetle
  9661 | D:11     | Killed a boulder beetle
  9662 | D:11     | Reached skill level 13 in Unarmed Combat
  9713 | D:11     | Noticed a catoblepas
  9727 | D:11     | Killed a catoblepas
  9754 | D:11     | Found Seissac's Mail-Order Catalogue.
 10060 | D:12     | Noticed a two-headed ogre
 10076 | D:12     | Killed a two-headed ogre
 10239 | D:10     | Found a staircase to the Lair.
 10407 | D:10     | Found a staircase to the Orcish Mines.
 10680 | Lair:1   | Entered Level 1 of the Lair of Beasts
 10928 | Lair:1   | Reached XP level 12. HP: 109/119 MP: 11/11
 11139 | Lair:1   | Noticed a death yak
 11161 | Lair:1   | Gained mutation: You cannot be stealthy. [Ru sacrifice]
 11169 | Lair:1   | Killed a death yak
 11249 | Lair:1   | Reached skill level 14 in Unarmed Combat
 11366 | Lair:1   | Identified the staff of Devotion {^Drain rElec Str+4 Int+6
                  | Air Earth}
 11665 | Lair:2   | Reached skill level 5 in Throwing
 12040 | Lair:2   | Noticed a catoblepas
 12056 | Lair:2   | Killed a catoblepas
 12799 | Lair:3   | Noticed an eight-headed hydra
 12819 | Lair:3   | Killed an eight-headed hydra
 13156 | Lair:3   | Reached XP level 13. HP: 113/127 MP: 12/12
 13264 | Lair:3   | Found a hole to the Spider Nest.
 13514 | Lair:3   | Gained mutation: You cannot study or cast Ice magic. [Ru
                  | sacrifice]
 13514 | Lair:3   | Gained mutation: You cannot study or cast Hexes magic. [Ru
                  | sacrifice]
 13514 | Lair:3   | Gained mutation: You cannot study or cast Necromancy magic.
                  | [Ru sacrifice]
 13514 | Lair:3   | Reached ****** piety under Ru
 13700 | D:5      | Fell from the grace of Ru
 13700 | D:5      | Became a worshipper of Gozag Ym Sagoz the Greedy
 14097 | Lair:3   | Found a staircase to the Shoals.
 14466 | Lair:3   | Found a staircase to the Shoals.
 14761 | Lair:3   | Found a hole to the Spider Nest.
 15282 | Lair:3   | Found a staircase to the Shoals.
 16595 | Lair:3   | Found a hole to the Spider Nest.
 16790 | Lair:3   | Found a staircase to the Shoals.
 17080 | Lair:4   | Found a viscous altar of Jiyva.
 17083 | Lair:4   | Found a staircase to the Slime Pits.
 17418 | Lair:4   | Reached skill level 15 in Unarmed Combat
 18362 | Lair:4   | Found a viscous altar of Jiyva.
 18364 | Lair:4   | Found a staircase to the Slime Pits.
 18792 | Lair:5   | Entered Level 5 of the Lair of Beasts
 20122 | Lair:5   | Reached XP level 14. HP: 140/140 MP: 13/13
 20742 | Lair:5   | Found a large runed translucent door.
 20743 | Lair:5   | Found a large runed translucent door.
 20803 | Lair:5   | Reached skill level 5 in Dodging
 21639 | D:9      | Killed dakkaduck's ghost
 21959 | D:11     | Killed vbillard's ghost
 23124 | D:13     | Reached skill level 10 in Throwing
 23460 | D:13     | Found a runed translucent door.
 24215 | D:14     | Reached skill level 16 in Unarmed Combat
 24227 | D:14     | Noticed an ironbound preserver
 24241 | D:14     | Killed an ironbound preserver
 24242 | D:14     | Reached skill level 10 in Fighting
 24667 | D:14     | Found a gate to the Vaults.
 24681 | Vaults:1 | Entered Level 1 of the Vaults
 24681 | Vaults:1 | Noticed an ironbound preserver
 24710 | Vaults:1 | Killed an ironbound preserver
 25148 | Vaults:1 | Reached XP level 15. HP: 146/151 MP: 14/14
 26051 | Vaults:1 | Quit the game

Illustrated notes

Levels and vault maps discovered:
D:1:      saegor_arrival_miasma, layout_basic, ebering_ecumenical_altar_hall
D:2:      layout_loops_corners, columned_hall_lemuel, bh_walls_and_bars
D:3:      layout_loops_ring, uniq_natasha, uniq_crazy_yiuf_cottage,
          uniq_jessica, uniq_sigmund
D:4:      layout_layer_cave
D:5:      layout_loops_cross, grunt_temple_overflow_gold_and_silver,
          nicolae_tso_besieged_by_evil, minmay_temple_entry_waves
D:6:      layout_basic, serial_shops, shop, enter_ossuary_4, kennysheep_dice
D:7:      layout_cave_pools, grunt_temple_overflow_open,
          kennysheep_generic_room_3
D:8:      layout_basic, enter_bailey_4, uniq_maggie
D:9:      layout_roguey, serial_shops, nicolae_shop_window_shopping,
          hellmonk_ghost_happy_afterlife
D:10:     layout_roguey, erik_lair_orcish_takeover, erik_orc_4
D:11:     layout_roguey, gammafunk_ghost_icy, monkooky_shop_mail_order,
          uniq_lodul
D:12:     dragon1_lemuel, layout_irregular_city, minmay_unpleasant_kobolds
D:13:     layout_basic, minmay_hidden_floor
D:14:     dreamdust_dug_too_deep, layout_cave_pools,
          skrybe_vaults_entry_preservation, uniq_azrael
Temple:   eino_temple_scatter_basement
Lair:1:   dreamdust_isle_of_ice, layout_big_grid, evilmike_ambush
          [evilmike_ambush_outer_pillars, evilmike_ambush_inner_cross]
Lair:2:   layout_cellular_growth
Lair:3:   kb_forest_paths, layout_regular_city, elwin_shoals_entry_rocks,
          nicolae_spider_entry_tight_spaces, nicolae_lair_run_with_the_wolves
Lair:4:   layout_regular_city, slime_entry_1, infiniplex_staircase_pool,
          lemuel_fruit_tree
Lair:5:   cheibrodos_lair_end_hotspot, layout_regular_city,
          kennysheep_abandoned_house
Vaults:1: nicolae_vaults_closet_pinwheel_5, vaults_room_octagon,
          nicolae_vaults_twisting_passages, vaults_room_corners,
          vaults_room_grunt_arrival_checkpoint, vaults_standard_mumra_x,
          nicolae_vaults_apartment_2, nicolae_vaults_three_branches,
          nicolae_vaults_specimen_jars, ontoclasm_vaults_ligature,
          st_more_cells, nicolae_vaults_trapezoid_1,
          nicolae_vaults_offset_grid_hallway_3, layout_vaults_omnibox,
          uniq_saint_roka

Skill      XL: |  1  2  3  4  5  6  7  8  9 10 11 12 13 14 15 |
---------------+----------------------------------------------+-----
Unarmed Combat | 4 5 6 8 9 10 12 13 14 15 16 | 16.5
Fighting       | 3 4 5 6 8 9 10 11 | 11.1
Throwing       | 1 2 8 10 | 10.0
Shields        | 3 5 6 7 |  7.9
Dodging        | 4 5 |  5.0

Action                     |  1- 3 |  4- 6 |  7- 9 | 10-12 | 13-15 || total
---------------------------+-------+-------+-------+-------+-------++-------
  Melee: Unarmed           |    54 |   142 |   336 |   580 |   793 ||  1905
  Throw: Dart              |       |       |     7 |    51 |    44 ||   102
         Boomerang         |       |       |       |     2 |    39 ||    41
 Invoke: Sacrifice Artific |       |       |     1 |       |       ||     1
         Sacrifice Skill   |       |       |     1 |       |       ||     1
         Draw Out Power    |       |       |     1 |     3 |     2 ||     6
         Sacrifice Purity  |       |       |     1 |       |       ||     1
         Power Leap        |       |       |       |     1 |       ||     1
         Apocalypse        |       |       |       |     3 |       ||     3
         Sacrifice Words   |       |       |       |     1 |       ||     1
         Sacrifice Stealth |       |       |       |     1 |       ||     1
         Potion Petition   |       |       |       |       |     5 ||     5
         Sacrifice Arcana  |       |       |       |       |     1 ||     1
   Stab: Distracted        |       |       |     1 |     1 |     1 ||     3
         Invisible         |       |       |       |     8 |     2 ||    10
         Paralysed         |       |       |       |     4 |     2 ||     6
 Armour: Robe              |    34 |    90 |   181 |    33 |    51 ||   389
         Troll leather arm |       |       |       |    42 |       ||    42
         Acid dragon scale |       |       |       |   256 |   442 ||   698
  Dodge: Dodged            |    24 |    66 |   120 |   124 |   208 ||   542
  Block: Kite shield       |       |       |    28 |   223 |   419 ||   670
         Reflection        |       |       |       |       |    22 ||    22
